 Dungeon Crawl Stone Soup version 0.31-a0-1008-g5b978dac0e (webtiles) character file.

Game seed: 6165579416176542986

5719 Malachi the Slicer (level 10, 0/74 HPs)
             Began as a Demonspawn Shapeshifter on Nov 13, 2023.
             Was an Elder of Lugonu.
             Slain by a killer bee (5 damage)
             ... on level 9 of the Dungeon.
             The game lasted 00:15:48 (10752 turns).

Malachi the Slicer (Demonspawn Shapeshifter)       Turns: 10752, Time: 00:15:49

Health: 0/74       AC: 18    Str: 16    XL:     10   Next: 48%
Magic:  22/22      EV:  7    Int: 12    God:    Lugonu [****..]
Gold:   557        SH:  0    Dex: 15    Spells: 9/9 levels left

rFire   x . .        h - +2 dagger (venom)
rCold   . . .        (no shield)
rNeg    . . .        n - +1 chain mail
rPois   .            (helmet currently unavailable)
rElec   .            (cloak currently unavailable)
rCorr   .            (gloves currently unavailable)
SInv    .            (boots currently unavailable)
Will    .....        s - amulet of the acrobat Stlth
                     u - ring of magical power
HPRegen 2.32/turn    (no ring)
MPRegen 0.18/turn

%: acrobat
@: lethally poisoned (0 -> -2), beast-form, sanguine armoured
A: beast (slay +4), demonic guardian 1, powered by death 2, sanguine armour 2,
demonic touch 2, deterioration 1, heat vulnerability 1
a: Begin Untransformation, Renounce Religion, Depart the Abyss, Banish, Corrupt


You were on level 9 of the Dungeon.
You worshipped Lugonu.
Lugonu was greatly pleased with you.
You were a hulking beast.
You visited 2 branches of the dungeon, and saw 10 of its levels.

You collected 557 gold pieces.

Inventory:

Hand Weapons
 e - a +3 flail of protection
 h - a +2 dagger of venom (weapon)
Missiles
 j - 28 poisoned darts
Armour
 n - a +1 chain mail (worn)
Jewellery
 m - a ring of wizardry
 s - an amulet of the acrobat (around neck)
 u - a ring of magical power (left hand)
Talismans
 c - a beast talisman
 d - a flux talisman
 q - a granite talisman
Wands
 a - a wand of flame (50)
 t - a wand of roots (18)
Scrolls
 b - 2 scrolls of identify
 i - 2 scrolls of teleportation
 k - 3 scrolls of noise
 l - a scroll of immolation
 p - a scroll of poison
 r - a scroll of enchant armour
Potions
 f - a potion of magic
 g - a potion of haste


   Skills:
 - Level 5.0 Fighting
 + Level 9.2 Short Blades
 - Level 1.7 Dodging
 - Level 3.5 Unarmed Combat
 - Level 5.0 Invocations
 + Level 8.9 Shapeshifting


You had 9 spell levels left.
You didn't know any spells.
Your spell library contained the following spells:

 Spells                   Type           Power      Damage    Failure   Level
 Magic Dart               Conj           0%         1d3       99%         1
 Slow                     Hex            0%         N/A       99%         1
 Blink                    Tloc           0%         N/A       100%        2
 Call Imp                 Summ           0%         N/A       100%        2
 Lesser Beckoning         Tloc           0%         N/A       100%        2
 Momentum Strike          Conj/Tloc      0%         3d8       100%        2
 Scorch                   Fire           0%         2d5       100%        2
 Confusing Touch          Hex            0%         N/A       100%        3
 Dazzling Flash           Conj/Hex       0%         N/A       100%        3
 Mephitic Cloud           Conj/Pois/Air  0%         N/A       100%        3
 Sigil of Binding         Hex            0%         N/A       100%        3
 Tukima's Dance           Hex            0%         N/A       100%        3
 Vampiric Draining        Necr           0%         2d6       100%        3
 Flame Wave               Conj/Fire      0%         2d4       100%        4
 Passage of Golubria      Tloc           0%         N/A       100%        4
 Agony                    Necr           0%         N/A       100%        5
 Silence                  Hex/Air        0%         N/A       100%        5
 Summon Forest            Summ/Tloc      0%         N/A       100%        5
 Summon Mana Viper        Hex/Summ       0%         N/A       100%        5
 Yara's Violent Unravell  Hex/Tmut       0%         3d3       100%        5
 Summon Cactus Giant      Summ           0%         N/A       100%        6


Dungeon Overview and Level Annotations

Branches:
Dungeon (9/15)             Temple (1/1) D:7            Lair (0/5) D:9
    Orc: D:9-12

Altars:
Ashenzari
Cheibriados
Dithmenos
Fedhas
Gozag
Hepliaklqana
Kikubaaqudgha
Makhleb
Nemelex Xobeh
Okawaru
Qazlal
Ru
Sif Muna
Trog
Uskayaw
Vehumet
Wu Jian
Xom
Yredelemnul
Lugonu

Shops:
D:3 [   D:8 [


Innate Abilities, Weirdness & Mutations

You are a hulking beast.
Your limbs bulge with bestial killing power. (Slay +4)
A weak demonic guardian rushes to your aid.
You regenerate health from kills.
When seriously injured, your blood forms thick armour. (AC +9)
Your touch may inflict irresistible damage on your foes.
Your body sometimes deteriorates upon taking damage.
You are vulnerable to heat. (rF-)


Message History

The killer bee is severely wounded.
You feel sick.
You kill the killer bee!
Lugonu accepts your kill.
You barely miss the killer bee.
You feel sick.
The killer bee stings you but does no damage. x2
You barely miss the killer bee. Your touch misses the killer bee.
You feel sick. The killer bee barely misses you. The killer bee stings you!
* * * LOW HITPOINT WARNING * * *
You hit the killer bee.
The killer bee is poisoned.
The killer bee is moderately wounded.
You feel sick.
The killer bee stings you but does no damage.
The killer bee barely misses you.
You miss the killer bee.
The killer bee is moderately wounded.
You feel sick.
The killer bee stings you but does no damage.
The killer bee stings you.
* * * LOW HITPOINT WARNING * * *
A demonic guardian appears!
You hit the killer bee.
The killer bee looks as sick as possible!
Your touch misses the killer bee.
The killer bee is severely wounded.
You feel sick. The killer bee stings you.
* * * LOW HITPOINT WARNING * * *
You puncture the killer bee!
You kill the killer bee!
Lugonu accepts your kill.
You feel sick. The killer bee closely misses you.
You closely miss the killer bee.
You feel sick. The killer bee stings you.
* * * LOW HITPOINT WARNING * * *
You are more poisoned.
The killer bee poisons you!
The killer bee stings you but does no damage.
You miss the killer bee. Your touch misses the killer bee.
You feel sick.
The killer bee stings your shadow imp but does no damage.
The killer bee stings you.
You die...

#...#.............#
#................+
###..............#
#..............#
##...............
#................
+....>............
####y5(..............
+...#h######+##....
###.#y# ... #.#y#
#.#y# #..y# ##..#
##.# #.. ####


You could see 5 killer bees and a friendly shadow imp (summoned).

Vanquished Creatures
  2 two-headed ogres (D:9)
  Jeremiah (D:6)
  Sigmund (D:6)
  A yak (D:9)
  A vampire (D:8)
  A wyvern (D:9)
  Eustachio (D:6)
  A basilisk (D:9)
  Edmund (D:4)
  An acid dragon (D:6)
  3 sky beasts
  2 black bears
  3 ice beasts
  2 boggarts (D:9)
  An ogre (D:5)
  Blork the orc (D:6)
  2 bullfrogs
  3 kobold brigands
  3 scorpions
  A wight (D:8)
  18 killer bees (D:9)
  2 howler monkeys (D:7)
  3 orc priests
  A gnoll bouda (D:6)
  Crazy Yiuf (D:6)
  2 hounds
  2 iguanas (D:6)
  A sleepcap (D:7)
  6 orc wizards
  3 gnolls (D:6)
  8 adders
  2 shadow imps (D:7)
  A white imp (D:5)
  2 dart slugs
  14 orcs
  8 ball pythons
  7 bats
  3 endoplasms
  4 giant cockroaches
  15 goblins
  7 hobgoblins
  4 jackals (D:3)
  2 quokkas
  5 frilled lizards
  20 kobolds
  8 rats
181 creatures vanquished.

Vanquished Creatures (collateral kills)
  An orc priest (D:8)
  Ijyb (D:2)
  An adder (D:5)
  A worm (D:2)
  A goblin (D:2)
5 creatures vanquished.

Vanquished Creatures (others)
  An orc wizard (D:5)
1 creature vanquished.

Grand Total: 187 creatures vanquished

Notes
Turn   | Place    | Note
-------+----------+-------------------------------------------
     0 | D:1      | Malachi the Demonspawn Shapeshifter began the quest for the
                  | Orb.
     0 | D:1      | Reached XP level 1. HP: 15/15 MP: 1/1
   229 | D:1      | Gained mutation: You regenerate a little health from kills.
                  | [demonic ancestry]
   229 | D:1      | Reached XP level 2. HP: 21/21 MP: 2/2
   792 | D:2      | Gained mutation: A weak demonic guardian rushes to your
                  | aid. [demonic ancestry]
   792 | D:2      | Reached XP level 3. HP: 18/26 MP: 3/3
  1009 | D:2      | Noticed Ijyb
  1034 | D:2      | Killed Ijyb
  1035 | D:2      | Gained mutation: Your spells are a little easier to cast,
                  | but a little less powerful. [potion of mutation]
  1035 | D:2      | Gained mutation: You are vulnerable to heat. (rF-) [potion
                  | of mutation]
  1035 | D:2      | Gained mutation: Your body sometimes deteriorates upon
                  | taking damage. [potion of mutation]
  1035 | D:2      | Lost mutation: Your spells are a little easier to cast, but
                  | a little less powerful. [potion of mutation]
  1053 | D:2      | Found a faded altar of an unknown god.
  1061 | D:2      | Reached XP level 4. HP: 33/33 MP: 4/4
  1071 | D:2      | Prayed at the altar of an unknown god.
  1071 | D:2      | Became a worshipper of Lugonu the Unformed
  1071 | D:2      | Reached * piety under Lugonu
  1571 | D:2      | Reached skill level 1 in Short Blades
  1925 | D:3      | Found a bloodstained altar of Trog.
  2058 | D:3      | Found a burning altar of Makhleb.
  2192 | D:3      | Reached ** piety under Lugonu
  2469 | D:3      | Found an iron altar of Okawaru.
  2590 | D:3      | Found Fomu's Antique Armour Boutique.
  2895 | D:4      | Noticed Edmund
  3250 | D:4      | Gained mutation: When seriously injured, your blood forms
                  | armour. (AC +9) [demonic ancestry]
  3250 | D:4      | Reached XP level 5. HP: 30/39 MP: 5/5
  3380 | D:4      | Found an ornate altar of the Wu Jian Council.
  3576 | D:4      | Killed Edmund
  3577 | D:4      | Reached skill level 2 in Short Blades
  3577 | D:4      | Gained mutation: When seriously injured, your blood forms
                  | thick armour. (AC +9) [demonic ancestry]
  3577 | D:4      | Reached XP level 6. HP: 21/47 MP: 6/6
  3822 | D:4      | Found a hide-covered altar of Uskayaw.
  3919 | D:5      | Entered Level 5 of the Dungeon
  4057 | D:5      | Found a sacrificial altar of Ru.
  4702 | D:5      | Reached skill level 3 in Short Blades
  4845 | D:6      | Identified the of Xaack
  4845 | D:6      | Identified the of Zuddom
  4845 | D:6      | Identified the "Yqaduch"
  4848 | D:6      | Noticed Blork the orc
  5134 | D:6      | Gained mutation: Your touch may inflict minor irresistible
                  | damage on your foes. [demonic ancestry]
  5134 | D:6      | Reached XP level 7. HP: 38/54 MP: 7/7
  5443 | D:6      | Noticed Jeremiah
  5635 | D:6      | Noticed Eustachio
  5649 | D:6      | Killed Eustachio
  5917 | D:6      | Killed Blork the orc
  5933 | D:7      | Found a staircase to the Ecumenical Temple.
  5946 | D:7      | Reached skill level 4 in Short Blades
  6210 | D:7      | Reached skill level 5 in Fighting
  6392 | D:7      | Noticed a vampire
  6444 | Temple   | Entered the Ecumenical Temple
  6735 | D:7      | Reached skill level 5 in Shapeshifting
  6742 | D:7      | Gained mutation: Your touch may inflict irresistible damage
                  | on your foes. [demonic ancestry]
  6742 | D:7      | Reached XP level 8. HP: 26/62 MP: 8/8
  7072 | D:7      | Reached skill level 5 in Short Blades
  7112 | D:7      | Reached *** piety under Lugonu
  7570 | D:6      | Reached skill level 6 in Short Blades
  7685 | D:6      | Killed Jeremiah
  7686 | D:6      | Reached XP level 9. HP: 18/68 MP: 9/9
  8063 | D:6      | Found a shimmering blue altar of Sif Muna.
  8212 | D:6      | Found a runed translucent door.
  8212 | D:6      | Noticed Sigmund
  8213 | D:6      | Noticed Crazy Yiuf
  8215 | D:6      | Killed Sigmund
  8221 | D:6      | Killed Crazy Yiuf
  8224 | D:6      | Identified the +2 hammer of Ohieb {freeze, *Corrode rC+++
                  | Dex+3 Stlth-}
  8357 | D:7      | Reached skill level 7 in Short Blades
  8853 | D:8      | Found Sokouch's Antique Armour Shoppe.
  9551 | D:8      | Reached skill level 1 in Invocations
  9945 | D:9      | Found a staircase to the Lair.
  9965 | D:9      | Reached skill level 8 in Short Blades
 10037 | D:9      | Reached **** piety under Lugonu
 10051 | D:9      | Gained mutation: You regenerate health from kills. [demonic
                  | ancestry]
 10051 | D:9      | Reached XP level 10. HP: 36/74 MP: 12/12
 10066 | D:9      | Noticed a two-headed ogre
 10632 | D:9      | Noticed a two-headed ogre
 10645 | D:9      | Killed a two-headed ogre
 10646 | D:9      | Reached skill level 5 in Invocations
 10728 | D:9      | Killed a two-headed ogre
 10729 | D:9      | Reached skill level 9 in Short Blades
 10752 | D:9      | Slain by a killer bee

Illustrated notes

Levels and vault maps discovered:
D:1:      dpeg_arrival_tiny_g, layout_loops_ring, minmay_misc_feat_more_columns
D:2:      kennysheep_the_goblin_king, layout_loops_ring,
          ebering_ecumenical_altar_petrified, nicolae_figureground_pulse
D:3:      layout_basic, lemuel_doored_altar, trog_three_pillars_becter,
          nicolae_overflow_hidden_temple, serial_shops,
          nicolae_shop_back_alley_shop, chequers_decorated_corner, st_stairs_8,
          minmay_misc_feat_cross, minmay_misc_feat_rows, minmay_misc_feat_five
D:4:      layout_cave_pools, amcnicky_altar_gilded,
          mainiacjoe_overflow_large_starburst, uniq_edmund
D:5:      layout_gridville, nicolae_ru_awakened_eye
D:6:      layout_loops_ring, nicolae_sif_muna_little_library,
          nicolae_letterblocks [nicolae_letter_subblock,
          nicolae_letter_subblock, nicolae_letter_subblock,
          nicolae_letter_subblock, nicolae_letter_subblock,
          nicolae_letter_subblock, nicolae_letter_subblock,
          nicolae_letter_subblock, nicolae_letter_subblock,
          nicolae_letter_subblock, nicolae_letter_subblock,
          nicolae_letter_subblock, nicolae_letter_subblock,
          nicolae_letter_subblock, nicolae_letter_subblock,
          nicolae_letter_subblock, nicolae_letter_subblock,
          nicolae_letter_subblock, nicolae_letter_subblock,
          nicolae_letter_subblock, nicolae_letter_subblock,
          nicolae_letter_subblock, nicolae_letter_subblock,
          nicolae_letter_subblock, nicolae_letter_subblock],
          uniq_crazy_yiuf_cottage, uniq_jeremiah, uniq_eustachio, uniq_sigmund,
          uniq_blork_the_orc
D:7:      layout_basic, mainiacjoe_overflow_cross_hatched,
          minmay_temple_entry_statues_pillars, grunt_ministairs_1
D:8:      layout_gridville, serial_shops, nicolae_square_shop, enter_bailey_5,
          kennysheep_big_empty_room
D:9:      lemuel_bear_cage, layout_basic, david_lair_generic, special_room
          [special_room_bee], minivault_27, nicolae_phantomly_mirrored
Temple:   dshaligram_water_room_temple

Skill      XL: |  1  2  3  4  5  6  7  8  9 10 |
---------------+-------------------------------+-----
Unarmed Combat | 3 |  3.5
Shapeshifting  | 3 4 5 6 8 |  8.9
Fighting       | 2 3 4 5 |  5.0
Short Blades   | 1 2 3 4 6 8 9 |  9.2
Invocations    | 3 5 |  5.0
Dodging        | |  1.7

Action                     |  1- 3 |  4- 6 |  7- 9 | 10-12 || total
---------------------------+-------+-------+-------+-------++-------
  Melee: Unarmed           |    26 |       |       |       ||    26
         Dagger            |    49 |   200 |   357 |    77 ||   683
         Punch             |     1 |     4 |    14 |       ||    19
         Touch             |       |       |    59 |     9 ||    68
  Evoke: Wand              |       |     1 |     5 |     8 ||    14
    Use: Potion            |     2 |     2 |     4 |     2 ||    10
         Scroll            |       |     8 |     3 |     2 ||    13
   Stab: Distracted        |       |     1 |     1 |       ||     2
 Armour: Ring mail         |    51 |    61 |       |       ||   112
         Chain mail        |       |    71 |   269 |    88 ||   428
         Skin              |       |       |    43 |       ||    43
  Dodge: Dodged            |    28 |    91 |    85 |    62 ||   266

Table legend: (Time is in decaauts)
 A = Elapsed time spent in this place.
 B = Non-inter-level travel time spent in this place.
 C = Inter-level travel time spent in this place.
 D = Time resting spent in this place.
 E = Time spent auto-exploring this place.
 F = Levels seen in this place.
 G = Mean time per level.
                   A        B        C        D        E       F      G
               +--------+--------+--------+--------+--------+-----+--------+
         Total |  10557 |  10066 |    491 |   3349 |   5009 |  10 | 1055.7 |
       Dungeon |  10305 |   9814 |    491 |   3099 |   5009 |   9 | 1145.0 |
        Temple |    251 |    251 |      0 |    250 |      0 |   1 |  251.0 |
               +--------+--------+--------+--------+--------+-----+--------+

Top non-repeatable levels by time:
     D:8: 1564 daAuts
     D:7: 1516 daAuts
     D:6: 1488 daAuts
     D:5: 1486 daAuts
     D:3: 1250 daAuts
     D:2: 1003 daAuts
     D:4: 855 daAuts
     D:1: 778 daAuts
     D:9: 361 daAuts
  Temple: 251 daAuts
